 Dungeon Crawl Stone Soup version 0.29-a0-88-g03a7b78be7 (webtiles) character file.

Game seed: 14286920152574352726

105 lordive the Sneak (level 4, 0/21 HPs)
             Began as a Spriggan Enchanter on Feb 5, 2022.
             Slain by Pargi (2 damage)
             ... in a sewer on Feb 6, 2022.
             The game lasted 00:06:17 (3029 turns).

lordive the Sneak (Spriggan Enchanter)              Turns: 3029, Time: 00:06:18

Health: 0/21       AC:  2    Str:  4    XL:     4   Next: 53%
Magic:  7/9        EV: 18    Int: 18    God:
Gold:   101        SH:  0    Dex: 15    Spells: 4/9 levels left

rFire   . . .      SeeInvis +   e - +4 dagger
rCold   . . .      Faith    .   (no shield)
rNeg    . . .      Spirit   .   b - +0 robe
rPois   .          Reflect  .   (helmet restricted)
rElec   .          Harm     .   (no cloak)
rCorr   .          Rampage  .   (gloves unavailable)
Will    .....                   (boots unavailable)
Stlth   +++.......              (no amulet)
HPRegen 0.07/turn               (no ring)
MPRegen 0.11/turn               (no ring)

@: very quick
A: very small, no large weapons, unfitting armour, see invisible, speed 3
a: no special abilities


You were in a sewer.
You visited 1 branch of the dungeon, and saw 3 of its levels.
You also visited: Sewer.

You collected 101 gold pieces.

Inventory:

Hand Weapons
 e - a +4 dagger (weapon)
 m - a +1 dagger of venom
Armour
 b - a +0 robe (worn)
Jewellery
 a - an amulet of guardian spirit
 f - a ring of wizardry
 i - an amulet of faith
Scrolls
 d - a scroll of noise {unknown}
 h - a scroll of vulnerability {unknown}
 j - 2 scrolls of identify {unknown}
 k - a scroll of summoning {unknown}
 o - a scroll of silence {unknown}
Potions
 c - 2 potions of invisibility
 g - 2 potions of cancellation {unknown}
 l - a potion of lignification {unknown}
 n - a potion of mutation {unknown}
 p - a potion of brilliance {unknown}


   Skills:
 + Level 0.7 Fighting
 + Level 1.7 Short Blades
 + Level 3.4 Dodging
 + Level 6.0 Stealth
 + Level 3.1 Spellcasting
 + Level 4.4 Hexes
 + Level 0.2 Ice Magic


You had 4 spell levels left.
You knew the following spells:

 Your Spells              Type           Power      Damage    Failure   Level
a - Tukima's Dance        Hex            18%        N/A       8%          3
b - Ensorcelled Hibernat  Hex/Ice        22%        N/A       10%         2

Your spell library contained the following spells:

 Spells                   Type           Power      Damage    Failure   Level
 Confusing Touch          Hex            18%        N/A       8%          3
 Dazzling Flash           Conj/Hex       20%        N/A       21%         3
 Olgreb's Toxic Radiance  Pois           2%         N/A       85%         4
 Ozocubu's Refrigeration  Ice            1%         4d5       100%        7
 Ignition                 Fire           1%         3d3       100%        8


Dungeon Overview and Level Annotations

Branches:
Dungeon (3/15)              Sewer (1/1)

Altars:
Makhleb

Annotations:
Sewer Pargi


Innate Abilities, Weirdness & Mutations

You are very small and have problems with some larger weapons.
You are too small for most types of armour.
You have supernaturally acute eyesight. (SInv)
You cover ground extremely quickly. (Speed+++)


Message History

You hit Pargi.
Pargi is severely wounded.
Pargi barely misses you. x2; Pargi closely misses you.
You closely miss Pargi.
Pargi is severely wounded.
You hit Pargi.
Pargi is severely wounded.
Pargi completely misses you. Pargi misses you. Pargi closely misses you.
You barely miss Pargi.
Pargi is severely wounded.
Pargi barely misses you. Pargi claws you but does no damage. Pargi claws you.
You hit Pargi but do no damage.
Pargi is severely wounded.
Pargi completely misses you. Pargi misses you. Pargi barely misses you.
You barely miss Pargi.
Pargi is severely wounded.
Pargi bites you. Pargi barely misses you. Pargi claws you.
You hit Pargi.
Pargi is severely wounded.
Pargi closely misses you. Pargi completely misses you.
Pargi closely misses you.
You completely miss Pargi.
Pargi is severely wounded.
Pargi completely misses you. Pargi closely misses you. Pargi misses you.
You hit Pargi.
Pargi is severely wounded.
Pargi barely misses you. Pargi claws you. x2
You closely miss Pargi.
Pargi is severely wounded.
Pargi barely misses you. Pargi closely misses you. Pargi barely misses you.
You hit Pargi.
Pargi is severely wounded.
Pargi barely misses you. Pargi closely misses you.
Pargi claws you but does no damage.
You hit Pargi.
Pargi is almost dead.
Pargi bites you!
* * * LOW HITPOINT WARNING * * *
Pargi claws you.
You die...

#.≈≈≈.####
+.≈≈≈.'..#
#.≈≈≈.####
#.≈≈≈.####
+.≈≈≈.').#
#.≈≈≈.####
####.≈≈≈.####
#∩....∩..'..#
####@≈≈≈.####
####T≈≈≈.####
#.)'.≈≈≈.'..#
####.≈≈≈.####
####.≈≈≈.####
#.)'.≈≈≈.'..#
####.≈≈≈.####
####.≈≈≈.####
#..'.≈≈≈.'..#


You could see Pargi.

Vanquished Creatures
  Jessica (D:2)
  An adder (D:2)
  5 orcs (D:3)
  6 endoplasms
  5 giant cockroaches
  5 goblins
  6 hobgoblins
  2 jackals (D:2)
  2 quokkas
  5 ball pythons
  4 bats
  5 frilled lizards
  8 kobolds
  5 rats
60 creatures vanquished.

Vanquished Creatures (others)
  3 fungi (D:1)
3 creatures vanquished.

Grand Total: 63 creatures vanquished

Notes
Turn   | Place    | Note
-------+----------+-------------------------------------------
     0 | D:1      | lordive the Spriggan Enchanter began the quest for the Orb.
     0 | D:1      | Reached XP level 1. HP: 9/9 MP: 5/5
   555 | D:1      | Found a faded altar of an unknown god.
   590 | D:1      | Reached XP level 2. HP: 9/13 MP: 6/6
  1647 | D:2      | Noticed Jessica
  1650 | D:2      | Killed Jessica
  1651 | D:2      | Reached skill level 5 in Stealth
  1651 | D:2      | Reached XP level 3. HP: 17/17 MP: 8/8
  1655 | D:2      | Learned a level 3 spell: Tukima's Dance
  1658 | D:2      | Learned a level 2 spell: Ensorcelled Hibernation
  2069 | D:2      | Reached XP level 4. HP: 21/21 MP: 9/9
  2740 | D:3      | Found a burning altar of Makhleb.
  2843 | D:3      | Found a glowing drain.
  2865 | Sewer    | Entered a sewer
  2996 | Sewer    | Reached skill level 6 in Stealth
  3001 | Sewer    | Noticed Pargi
  3029 | Sewer    | Slain by Pargi

Illustrated notes

Levels and vault maps discovered:
D:1:      enne_arrival_octagon_isle, layout_loops_ring,
          shapermc_ecumenical_altar_gd
D:2:      layout_basic, uniq_jessica
D:3:      layout_rooms, mainiacjoe_overflow_small_starburst,
          lemuel_doored_altar, lightli_temple_of_fire, portal_sewer_entry_f
Sewer:    kennysheep_door_sewer

Skill      XL: |  1  2  3  4 |
---------------+-------------+-----
Dodging        | 3 |  3.4
Stealth        | 5 6 |  6.0
Hexes          | 4 |  4.4
Spellcasting   | 3 |  3.1
Fighting       | |  0.7
Short Blades   | |  1.7
Ice Magic      | |  0.2

Action                   |  1- 3 |  4- 6 || total
-------------------------+-------+-------++-------
Melee: Dagger            |    93 |    51 ||   144
 Cast: Ensorcelled Hiber |     9 |    22 ||    31
 Stab: Sleeping          |    16 |    23 ||    39
       Distracted        |     1 |       ||     1
Armor: Robe              |     6 |     5 ||    11
Dodge: Dodged            |    68 |    48 ||   116

Table legend: (Time is in decaauts)
 A = Elapsed time spent in this place.
 B = Non-inter-level travel time spent in this place.
 C = Inter-level travel time spent in this place.
 D = Time resting spent in this place.
 E = Time spent auto-exploring this place.
 F = Levels seen in this place.
 G = Mean time per level.
                   A        B        C        D        E       F      G
               +--------+--------+--------+--------+--------+-----+--------+
         Total |   2483 |   2436 |     47 |    268 |   1807 |   4 |  620.8 |
       Dungeon |   2356 |   2309 |     47 |    268 |   1716 |   3 |  785.3 |
         Sewer |    126 |    126 |      0 |      0 |     90 |   1 |  126.0 |
               +--------+--------+--------+--------+--------+-----+--------+

Top non-repeatable levels by time:
     D:1: 1406 daAuts
     D:2: 576 daAuts
     D:3: 373 daAuts
   Sewer: 126 daAuts
